 Dungeon Crawl Stone Soup version 0.29.0-4-gdea44cf6ec (webtiles) character file.

Game seed: 8940607625316639062

24362 qw the Brawler (level 12, -6/118 HPs)
             Began as a Troll Cinder Acolyte on Sept 1, 2022.
             Was an Initiate of Ignis.
             Mangled by a death yak (14 damage)
             ... led by a torpor snail
             ... on level 5 of the Lair of Beasts.
             The game lasted 00:06:31 (12455 turns).

qw the Brawler (Troll Cinder Acolyte)              Turns: 12455, Time: 00:06:32

Health: -6/118     AC: 13    Str: 29    XL:     12   Next: 80%
Magic:  0/12       EV: 18    Int: 10    God:    Ignis [......]
Gold:   698        SH:  0    Dex: 21    Spells: 13/13 levels left

rFire   + + .      SeeInvis .     - Unarmed
rCold   + . .      Faith    .   (no shield)
rNeg    . . .      Spirit   +   a - +2 robe {rF+}
rPois   .          Reflect  .   b - +0 hat "Wywnosy" {rC+ Dex+10}
rElec   .          Harm     .   (no cloak)
rCorr   .          Rampage  .   (gloves unavailable)
Will    .....                   (boots unavailable)
Stlth   ++........              o - amulet of guardian spirit
HPRegen 1.09/turn               f - +4 ring of evasion
MPRegen 0.13/turn               c - +6 ring of dexterity

@: about to teleport, fiery-armoured, slowed, very slow
A: large, unfitting armour, claws 3, regeneration 1, shaggy fur 1, tough skin 1
a: Renounce Religion, Rising Flame


You were on level 5 of the Lair of Beasts.
You worshipped Ignis.
Ignis was noncommittal.
You visited 2 branches of the dungeon, and saw 13 of its levels.

You collected 797 gold pieces.
You spent 99 gold pieces at shops.


Innate Abilities, Weirdness & Mutations

You are too large for most types of armour.
You have claws for hands.
Your natural rate of healing is unusually fast.
You are covered in fur. (AC +1)
You have tough skin. (AC +1)


   Skills:
 + Level 7.5 Fighting
 - Level 2.9 Throwing
 - Level 2.5 Armour
 - Level 6.1 Dodging
 - Level 18.0 Unarmed Combat
 - Level 1.0 Spellcasting
 - Level 2.1 Fire Magic


You had 13 spell levels left.
You didn't know any spells.
Your spell library contained the following spells:

 Spells                   Type           Power      Damage    Failure   Level
 Scorch                   Fire           8%         2d5       22%         2

Inventory:

Armour
 a - a +2 robe of fire resistance (worn)
 b - the +0 hat "Wywnosy" (worn) {rC+ Dex+10}
   (You acquired it on level 1 of the Dungeon)

   Dex:       It affects your dexterity (+10).
   rC:        It protects you from cold.
 k - +0 steam dragon scales
Jewellery
 c - a +6 ring of dexterity (right claw)
 f - a +4 ring of evasion (left claw)
 g - a ring of ice
 l - a ring of protection from fire
 o - an amulet of guardian spirit (around neck)
 s - a ring of fire
Wands
 m - a wand of digging (4)
Scrolls
 h - 4 scrolls of teleportation
 i - 7 scrolls of identify
 j - a scroll of brand weapon
Potions
 d - 3 potions of might
 e - 8 potions of curing
 n - a potion of mutation
 q - a potion of cancellation

Dungeon Overview and Level Annotations

Branches:
Dungeon (8/15)             Temple (0/1) D:7            Lair (5/5) D:8
  Swamp (0/4) Lair:3        Snake (0/4) Lair:2
  Slime: Lair:4-5

Altars:
Cheibriados
Elyvilon
Fedhas
Gozag
Hepliaklqana
Kikubaaqudgha
Okawaru
Qazlal
Trog
Uskayaw
Wu Jian
Xom
Zin
The Shining One

Shops:
D:4 !   D:5 (

Annotations:
D:5 1 runed translucent door, Crazy Yiuf


Message History

The black mamba is lightly wounded.
The black mamba bites you!
The black mamba is burned by your cloak of flames.
The black mamba is lightly wounded.
The elephant closely misses you.
The elephant trunk-slaps you but does no damage.
The elephant is burned by your cloak of flames.
The elephant is lightly wounded.
The elephant tramples you but does no damage.
The elephant is burned by your cloak of flames.
The elephant is lightly wounded.
The elephant closely misses you.
12454 ||| READING 5 scrolls of teleportation.
As you read the scroll of teleportation, it crumbles to dust.
You feel strangely unstable. The black mamba barely misses you.
The death yak closely misses you. The elephant closely misses you.
The elephant trunk-slaps you but does no damage.
The elephant is burned by your cloak of flames.
The elephant is lightly wounded.
The elephant completely misses you.
The elephant trunk-slaps you but does no damage.
The black mamba bites you but does no damage.
The black mamba is burned by your cloak of flames.
The black mamba is lightly wounded.
12455 ||| INVOKING Fiery Armour.
Your cloak of flame flares fiercely!
You can no longer armour yourself in flame.
You can no longer call a swarm of foxfires against your foes.
The rime drake hisses angrily.
The black mamba bites you but does no damage.
The black mamba bites you!
The black mamba is burned by your cloak of flames.
The black mamba is lightly wounded.
The death yak closely misses you. The death yak completely misses you.
The elephant tramples you!
You stumble backwards!
The black mamba barely misses you.
The four-headed hydra closely misses you. x2
The four-headed hydra misses you. x2; The death yak barely misses you.
The death yak gores you!
You die...

....#.....# ..........#
..........# ####
..........###P..##
......P........#.##
......PkS.....$....
.......SD..........
....P.P@YY..........
.......YY............
.......Y.Y...........
...........w..........
PP.......P........#P...
P##...............#....
#.....#........#.....
.###.##..............
## #P.............


You could see 2 death yaks, a four-headed hydra, 4 elephants, a torpor snail, 2
black mambas and a rime drake.

Vanquished Creatures
  5 hydras
  Nergalle (Lair:2)
  An oklob plant (Lair:3)
  An elephant (Lair:4)
  3 black mambas
  8 cane toads
  Maggie (D:8)
  3 komodo dragons
  2 rime drakes (Lair:3)
  A tyrant leech (Lair:3)
  A polar bear (Lair:2)
  Grinder (D:3)
  10 blink frogs
  Sigmund (D:3)
  3 basilisks
  3 wyverns
  33 yaks
  2 nagas (Lair:2)
  15 water moccasins
  Duvessa (D:4)
  2 orc warriors (D:8)
  5 black bears
  A sky beast (D:7)
  3 ice beasts
  16 wolves
  A centaur (D:7)
  5 phantoms
  4 kobold brigands
  7 bullfrogs
  8 scorpions
  A necrophage (D:6)
  Dowan (D:4)
  6 howler monkeys
  A jelly (D:6)
  2 orc priests
  A gnoll bouda (D:6)
  2 hounds
  3 iguanas
  Natasha (thrice) (D:2)
  6 orc wizards
  Terence (D:3)
  12 gnolls
  11 adders
  A shadow imp (D:7)
  3 white imps
  An ufetubus (D:6)
  A worm (D:3)
  3 dart slugs
  16 orcs
  4 ball pythons
  4 endoplasms
  4 giant cockroaches
  5 goblins
  7 hobgoblins
  2 quokkas
  4 bats
  7 frilled lizards
  16 kobolds
  7 rats
  A bush (D:8)
  A butterfly (Lair:3)
285 creatures vanquished.

Vanquished Creatures (others)
  15 fungi
  31 plants
46 creatures vanquished.

Grand Total: 331 creatures vanquished

Notes
Turn   | Place    | Note
-------+----------+-------------------------------------------
     0 | D:1      | qw the Troll Cinder Acolyte began the quest for the Orb.
     0 | D:1      | Reached XP level 1. HP: 22/22 MP: 1/1
     0 | D:1      | 0 ||| qw: Version: 0.1-a-97-g2dd2ca4
     0 | D:1      | 0 ||| qw: Game counter: 4709
     0 | D:1      | 0 ||| qw: Always use a shield: true
     0 | D:1      | 0 ||| qw: God list: Okawaru
     0 | D:1      | 0 ||| qw: Allow faded altars: false
     0 | D:1      | 0 ||| qw: Do Orc after D:15 true
     0 | D:1      | 0 ||| qw: Do second Lair branch before Depths: true
     0 | D:1      | 0 ||| qw: Lair rune preference: random
     0 | D:1      | 0 ||| qw: Plans: Normal
     0 | D:1      | 0 ||| PLANNING D:1-11
    33 | D:1      | 33 ||| Stepping ~*~*~tactically~*~*~ (stealth).
    36 | D:1      | 36 ||| Stepping ~*~*~tactically~*~*~ (stealth).
    39 | D:1      | 39 ||| Stepping ~*~*~tactically~*~*~ (hiding).
    42 | D:1      | 42 ||| Stepping ~*~*~tactically~*~*~ (hiding).
   166 | D:1      | Found a faded altar of an unknown god.
   181 | D:1      | Reached XP level 2. HP: 29/29 MP: 2/2
   529 | D:1      | 529 ||| Stepping ~*~*~tactically~*~*~ (stealth).
   689 | D:1      | Reached skill level 4 in Unarmed Combat
   944 | D:1      | 944 ||| READING scroll labelled GUATIO BIWIGUG.
   944 | D:1      | Identified a scroll of acquirement
   944 | D:1      | 944 ||| ACQUIRING +0 hat "Wywnosy" {rC+ Dex+10}
   944 | D:1      | Acquired the +0 hat "Wywnosy" {rC+ Dex+10}
   946 | D:1      | 946 ||| UPGRADING to +0 hat "Wywnosy" {rC+ Dex+10}.
   951 | D:1      | 951 ||| READING scroll labelled OLLEGH QOIT.
   952 | D:1      | 952 ||| DRINKING 2 smoky sapphire potions.
  1053 | D:1      | 1053 ||| DROPPING potion of ambrosia.
  1085 | D:2      | 1085 ||| Stepping ~*~*~tactically~*~*~ (outnumbered).
  1088 | D:2      | 1088 ||| Stepping ~*~*~tactically~*~*~ (outnumbered).
  1123 | D:2      | 1123 ||| Stepping ~*~*~tactically~*~*~ (stealth).
  1124 | D:2      | 1124 ||| Stepping ~*~*~tactically~*~*~ (stealth).
  1153 | D:2      | Reached XP level 3. HP: 35/36 MP: 3/3
  1182 | D:2      | 1182 ||| Stepping ~*~*~tactically~*~*~ (stealth).
  1215 | D:2      | Reached skill level 1 in Dodging
  1518 | D:2      | Noticed Natasha
  1522 | D:2      | Killed Natasha
  1523 | D:2      | Reached skill level 1 in Throwing
  1523 | D:2      | Reached XP level 4. HP: 38/44 MP: 4/4
  1572 | D:2      | Noticed Natasha
  1573 | D:2      | 1573 ||| Stepping ~*~*~tactically~*~*~ (hiding).
  1580 | D:2      | Killed Natasha
  1706 | D:2      | Noticed Natasha
  1707 | D:2      | 1707 ||| Stepping ~*~*~tactically~*~*~ (stealth).
  1708 | D:2      | 1708 ||| Stepping ~*~*~tactically~*~*~ (stealth).
  1711 | D:2      | Killed Natasha
  1712 | D:2      | Reached skill level 5 in Unarmed Combat
  1712 | D:2      | Reached XP level 5. HP: 46/50 MP: 5/5
  1792 | D:2      | 1792 ||| UPGRADING to +4 ring of evasion.
  1793 | D:2      | 1793 ||| READING scroll labelled FAGE UXUSIEFET.
  1796 | D:2      | 1796 ||| READING 3 scrolls labelled ESIVVO JIEMAGG.
  1797 | D:2      | 1797 ||| READING scroll labelled EKKAXK LENODDE.
  1798 | D:2      | 1798 ||| READING 2 scrolls of identify.
  1798 | D:2      | 1798 ||| IDENTIFYING inky potion
  1807 | D:3      | Noticed Terence
  1819 | D:3      | Killed Terence
  1820 | D:3      | 1820 ||| STAIRDANCE
  1922 | D:3      | Found a glowing golden altar of the Shining One.
  1973 | D:3      | Noticed Grinder
  1973 | D:3      | Paralysed by Grinder for 2 turns
  1975 | D:3      | 1975 ||| Stepping ~*~*~tactically~*~*~ (hiding).
  1981 | D:3      | Noticed Sigmund
  1982 | D:3      | 1982 ||| Stepping ~*~*~tactically~*~*~ (hiding).
  1986 | D:3      | Killed Grinder
  1987 | D:3      | Reached skill level 6 in Unarmed Combat
  1987 | D:3      | Reached XP level 6. HP: 32/59 MP: 6/6
  1988 | D:3      | 1988 ||| INVOKING Fiery Armour.
  1991 | D:3      | Killed Sigmund
  1992 | D:3      | Reached skill level 7 in Unarmed Combat
  1992 | D:3      | Reached XP level 7. HP: 36/66 MP: 7/7
  2033 | D:3      | 2033 ||| Stepping ~*~*~tactically~*~*~ (stealth).
  2034 | D:3      | 2034 ||| Stepping ~*~*~tactically~*~*~ (stealth).
  2035 | D:3      | 2035 ||| Stepping ~*~*~tactically~*~*~ (stealth).
  2396 | D:3      | Found a bloodstained altar of Trog.
  2492 | D:4      | Noticed Duvessa
  2492 | D:4      | Noticed Dowan
  2493 | D:4      | 2493 ||| Stepping ~*~*~tactically~*~*~ (stealth).
  2498 | D:4      | 2498 ||| Stepping ~*~*~tactically~*~*~ (hiding).
  2501 | D:4      | 2501 ||| INVOKING Fiery Armour.
  2503 | D:4      | Killed Duvessa
  2504 | D:4      | Reached skill level 8 in Unarmed Combat
  2504 | D:4      | Killed Dowan
  2536 | D:4      | 2536 ||| Stepping ~*~*~tactically~*~*~ (stealth).
  2548 | D:4      | 2548 ||| Stepping ~*~*~tactically~*~*~ (hiding).
  2650 | D:4      | 2650 ||| Stepping ~*~*~tactically~*~*~ (hiding).
  2752 | D:4      | 2752 ||| Stepping ~*~*~tactically~*~*~ (hiding).
  2854 | D:4      | 2854 ||| Stepping ~*~*~tactically~*~*~ (hiding).
  2991 | D:4      | Reached skill level 3 in Fighting
  3030 | D:4      | 3030 ||| FLEEEEING.
  3031 | D:4      | 3031 ||| FLEEEEING.
  3298 | D:4      | Found Lukir's Distillery.
  3301 | D:4      | 3301 ||| BUYING potion of curing (33 gold).
  3301 | D:4      | Bought a potion of curing for 33 gold pieces
  3301 | D:4      | 3301 ||| BUYING potion of curing (33 gold).
  3301 | D:4      | Bought a potion of curing for 33 gold pieces
  3301 | D:4      | 3301 ||| BUYING potion of curing (33 gold).
  3301 | D:4      | Bought a potion of curing for 33 gold pieces
  3301 | D:4      | 3301 ||| SHOPLISTING potion of might (44 gold, have 29).
  3403 | D:4      | 3403 ||| READING scroll labelled HOK GEMIAL.
  3511 | D:5      | Entered Level 5 of the Dungeon
  3596 | D:5      | 3596 ||| Stepping ~*~*~tactically~*~*~ (hiding).
  3776 | D:5      | Reached XP level 8. HP: 73/75 MP: 8/8
  3781 | D:5      | Reached skill level 9 in Unarmed Combat
  3913 | D:5      | Found an ancient bone altar of Kikubaaqudgha.
  3972 | D:5      | 3972 ||| Stepping ~*~*~tactically~*~*~ (hiding).
  3973 | D:5      | 3973 ||| Stepping ~*~*~tactically~*~*~ (hiding).
  3998 | D:5      | 3998 ||| Stepping ~*~*~tactically~*~*~ (stealth).
  4001 | D:5      | Found Wopralil's Hydra Hut.
  4001 | D:5      | Noticed a five-headed hydra
  4483 | D:5      | Found a runed translucent door.
  4484 | D:5      | Noticed Crazy Yiuf
  4487 | D:5      | 4487 ||| UPGRADING to ring of protection from fire.
  4488 | D:5      | 4488 ||| READING scroll labelled NUDEN NEUNG.
  4489 | D:5      | 4489 ||| DRINKING 2 glowing yellow potions.
  4523 | D:5      | 4523 ||| DROPPING potion of lignification.
  4566 | D:6      | 4566 ||| Stepping ~*~*~tactically~*~*~ (stealth).
  4568 | D:6      | 4568 ||| Stepping ~*~*~tactically~*~*~ (hiding).
  4570 | D:6      | 4570 ||| Stepping ~*~*~tactically~*~*~ (hiding).
  4587 | D:6      | Reached skill level 10 in Unarmed Combat
  4628 | D:6      | 4628 ||| Stepping ~*~*~tactically~*~*~ (stealth).
  4629 | D:6      | 4629 ||| Stepping ~*~*~tactically~*~*~ (stealth).
  4676 | D:6      | Found a white marble altar of Elyvilon.
  4710 | D:6      | 4710 ||| Stepping ~*~*~tactically~*~*~ (hiding).
  4711 | D:6      | 4711 ||| Stepping ~*~*~tactically~*~*~ (hiding).
  4864 | D:6      | 4864 ||| Stepping ~*~*~tactically~*~*~ (stealth).
  5087 | D:6      | Found a snail-covered altar of Cheibriados.
  5189 | D:6      | Found an opulent altar of Gozag.
  5216 | D:6      | 5216 ||| Stepping ~*~*~tactically~*~*~ (stealth).
  5217 | D:6      | 5217 ||| Stepping ~*~*~tactically~*~*~ (stealth).
  5227 | D:6      | Reached XP level 9. HP: 81/84 MP: 9/9
  5235 | D:6      | Found an iron altar of Okawaru.
  5244 | D:6      | 5244 ||| FLEEEEING.
  5245 | D:6      | 5245 ||| FLEEEEING.
  5246 | D:6      | 5246 ||| FLEEEEING.
  5247 | D:6      | 5247 ||| FLEEEEING.
  5305 | D:6      | 5305 ||| READING scroll labelled POD ELEBAJ.
  5306 | D:6      | 5306 ||| DRINKING 2 fizzy purple potions.
  5307 | D:6      | 5307 ||| READING 6 scrolls of identify.
  5307 | D:6      | 5307 ||| IDENTIFYING viscous purple potion
  5308 | D:6      | 5308 ||| READING 5 scrolls of identify.
  5308 | D:6      | 5308 ||| IDENTIFYING blue potion
  5309 | D:6      | 5309 ||| READING 4 scrolls of identify.
  5309 | D:6      | 5309 ||| IDENTIFYING metallic silvery potion
  5310 | D:6      | 5310 ||| READING 3 scrolls of identify.
  5310 | D:6      | 5310 ||| IDENTIFYING murky blue potion
  5311 | D:6      | 5311 ||| READING 2 scrolls of identify.
  5311 | D:6      | 5311 ||| IDENTIFYING orange potion
  5312 | D:6      | 5312 ||| DROPPING potion of flight.
  5313 | D:6      | 5313 ||| DROPPING potion of berserk rage.
  5314 | D:6      | 5314 ||| DROPPING potion of degeneration.
  5315 | D:6      | 5315 ||| DROPPING potion of attraction.
  5316 | D:6      | 5316 ||| DROPPING potion of brilliance.
  5357 | D:7      | 5357 ||| STAIRDANCE
  5377 | D:7      | 5377 ||| STAIRDANCE
  5419 | D:7      | 5419 ||| STAIRDANCE
  5430 | D:7      | Reached skill level 11 in Unarmed Combat
  5440 | D:7      | 5440 ||| Stepping ~*~*~tactically~*~*~ (stealth).
  5443 | D:7      | 5443 ||| Stepping ~*~*~tactically~*~*~ (stealth).
  5446 | D:7      | 5446 ||| Stepping ~*~*~tactically~*~*~ (hiding).
  5472 | D:7      | Reached skill level 3 in Dodging
  5497 | D:7      | 5497 ||| Stepping ~*~*~tactically~*~*~ (hiding).
  5608 | D:7      | 5608 ||| Stepping ~*~*~tactically~*~*~ (stealth).
  5656 | D:7      | 5656 ||| Stepping ~*~*~tactically~*~*~ (stealth).
  5668 | D:7      | Found a blossoming altar of Fedhas.
  5921 | D:7      | Found a staircase to the Ecumenical Temple.
  5988 | D:7      | 5988 ||| Stepping ~*~*~tactically~*~*~ (hiding).
  6090 | D:7      | 6090 ||| Stepping ~*~*~tactically~*~*~ (hiding).
  6192 | D:7      | 6192 ||| Stepping ~*~*~tactically~*~*~ (hiding).
  6193 | D:7      | 6193 ||| Stepping ~*~*~tactically~*~*~ (hiding).
  6198 | D:7      | 6198 ||| FLEEEEING.
  6205 | D:7      | 6205 ||| Stepping ~*~*~tactically~*~*~ (hiding).
  6254 | D:7      | 6254 ||| Stepping ~*~*~tactically~*~*~ (hiding).
  6311 | D:7      | Reached skill level 12 in Unarmed Combat
  6346 | D:7      | Found an ornate altar of the Wu Jian Council.
  6403 | D:7      | Found a hide-covered altar of Uskayaw.
  6460 | D:7      | Found a shimmering altar of Xom.
  6462 | D:7      | Found a glowing silver altar of Zin.
  6462 | D:7      | Found an ancient bone altar of Kikubaaqudgha.
  6464 | D:7      | Found a stormy altar of Qazlal.
  6464 | D:7      | Found an ancient bone altar of Kikubaaqudgha.
  6464 | D:7      | Found a glowing silver altar of Zin.
  6523 | D:7      | 6523 ||| READING scroll labelled TETESH FEOCU.
  6631 | D:8      | 6631 ||| Stepping ~*~*~tactically~*~*~ (stealth).
  6638 | D:8      | 6638 ||| Stepping ~*~*~tactically~*~*~ (stealth).
  6645 | D:8      | 6645 ||| Stepping ~*~*~tactically~*~*~ (stealth).
  6649 | D:8      | 6649 ||| Stepping ~*~*~tactically~*~*~ (outnumbered).
  6650 | D:8      | 6650 ||| Stepping ~*~*~tactically~*~*~ (outnumbered).
  6651 | D:8      | 6651 ||| Stepping ~*~*~tactically~*~*~ (outnumbered).
  6773 | D:8      | 6773 ||| Stepping ~*~*~tactically~*~*~ (hiding).
  6844 | D:8      | Noticed Maggie
  6853 | D:8      | Killed Maggie
  6912 | D:8      | 6912 ||| Stepping ~*~*~tactically~*~*~ (stealth).
  6914 | D:8      | 6914 ||| Stepping ~*~*~tactically~*~*~ (stealth).
  6915 | D:8      | 6915 ||| Stepping ~*~*~tactically~*~*~ (stealth).
  6916 | D:8      | 6916 ||| Stepping ~*~*~tactically~*~*~ (stealth).
  6918 | D:8      | 6918 ||| Stepping ~*~*~tactically~*~*~ (stealth).
  6933 | D:8      | 6933 ||| Stepping ~*~*~tactically~*~*~ (outnumbered).
  6934 | D:8      | 6934 ||| Stepping ~*~*~tactically~*~*~ (outnumbered).
  6978 | D:8      | 6978 ||| Stepping ~*~*~tactically~*~*~ (hiding).
  6979 | D:8      | 6979 ||| Stepping ~*~*~tactically~*~*~ (hiding).
  6990 | D:8      | Reached XP level 10. HP: 86/96 MP: 10/10
  6996 | D:8      | 6996 ||| Stepping ~*~*~tactically~*~*~ (stealth).
  7002 | D:8      | 7002 ||| Stepping ~*~*~tactically~*~*~ (stealth).
  7008 | D:8      | 7008 ||| Stepping ~*~*~tactically~*~*~ (stealth).
  7009 | D:8      | 7009 ||| Stepping ~*~*~tactically~*~*~ (stealth).
  7010 | D:8      | 7010 ||| Stepping ~*~*~tactically~*~*~ (stealth).
  7031 | D:8      | Reached skill level 13 in Unarmed Combat
  7033 | D:8      | 7033 ||| INVOKING Fiery Armour.
  7036 | D:8      | HP: 24/96 [poisoned by a water moccasin]
  7037 | D:8      | 7037 ||| READING 5 scrolls of teleportation.
  7038 | D:8      | 7038 ||| DRINKING potion of heal wounds.
  7041 | D:8      | HP: 20/96 [poisoned by a water moccasin]
  7046 | D:8      | HP: 20/96 [poisoned by a water moccasin]
  7146 | D:8      | 7146 ||| INVOKING Fiery Armour.
  7153 | D:8      | 7153 ||| Stepping ~*~*~tactically~*~*~ (outnumbered).
  7214 | D:8      | 7214 ||| Stepping ~*~*~tactically~*~*~ (stealth).
  7217 | D:8      | 7217 ||| Stepping ~*~*~tactically~*~*~ (stealth).
  7223 | D:8      | 7223 ||| Stepping ~*~*~tactically~*~*~ (stealth).
  7223 | D:8      | Found a staircase to the Lair.
  7232 | D:8      | 7232 ||| Stepping ~*~*~tactically~*~*~ (stealth).
  7233 | D:8      | 7233 ||| Stepping ~*~*~tactically~*~*~ (stealth).
  7388 | D:8      | 7388 ||| Stepping ~*~*~tactically~*~*~ (stealth).
  7393 | D:8      | 7393 ||| Stepping ~*~*~tactically~*~*~ (stealth).
  7428 | D:8      | 7428 ||| Stepping ~*~*~tactically~*~*~ (stealth).
  7434 | D:8      | 7434 ||| Stepping ~*~*~tactically~*~*~ (outnumbered).
  7439 | D:8      | 7439 ||| Stepping ~*~*~tactically~*~*~ (outnumbered).
  7694 | D:8      | Found a hazy altar of Hepliaklqana.
  7852 | D:8      | 7852 ||| PLANNING LAIR
  7852 | D:8      | 7852 ||| UPGRADING to +0 steam dragon scales.
  7862 | D:8      | 7862 ||| DROPPING +0 robe.
  7863 | D:8      | 7863 ||| UPGRADING to amulet of guardian spirit.
  7868 | D:8      | 7868 ||| READING scroll labelled TAGAMO ZYGE.
  7869 | D:8      | 7869 ||| READING 2 scrolls of identify.
  7869 | D:8      | 7869 ||| IDENTIFYING viscous silvery potion
  7870 | D:8      | 7870 ||| DROPPING potion of magic.
  7901 | Lair:1   | Entered Level 1 of the Lair of Beasts
  7915 | Lair:1   | Reached skill level 1 in Armour
  7927 | Lair:1   | Reached skill level 14 in Unarmed Combat
  7950 | Lair:1   | Noticed a black mamba
  7959 | Lair:1   | Killed a black mamba
  8082 | Lair:1   | 8082 ||| Stepping ~*~*~tactically~*~*~ (stealth).
  8085 | Lair:1   | 8085 ||| INVOKING Fiery Armour.
  8085 | Lair:1   | Noticed a cane toad
  8088 | Lair:1   | Reached skill level 6 in Fighting
  8096 | Lair:1   | Killed a cane toad
  8112 | Lair:1   | Reached XP level 11. HP: 95/105 MP: 9/11
  8143 | Lair:1   | 8143 ||| Stepping ~*~*~tactically~*~*~ (stealth).
  8173 | Lair:1   | 8173 ||| Stepping ~*~*~tactically~*~*~ (stealth).
  8174 | Lair:1   | 8174 ||| Stepping ~*~*~tactically~*~*~ (stealth).
  8188 | Lair:1   | 8188 ||| Stepping ~*~*~tactically~*~*~ (stealth).
  8189 | Lair:1   | 8189 ||| Stepping ~*~*~tactically~*~*~ (stealth).
  8522 | Lair:1   | 8522 ||| Stepping ~*~*~tactically~*~*~ (outnumbered).
  8523 | Lair:1   | 8523 ||| Stepping ~*~*~tactically~*~*~ (outnumbered).
  8524 | Lair:1   | 8524 ||| Stepping ~*~*~tactically~*~*~ (outnumbered).
  8525 | Lair:1   | 8525 ||| Stepping ~*~*~tactically~*~*~ (outnumbered).
  8526 | Lair:1   | 8526 ||| Stepping ~*~*~tactically~*~*~ (outnumbered).
  8527 | Lair:1   | 8527 ||| Stepping ~*~*~tactically~*~*~ (outnumbered).
  8528 | Lair:1   | 8528 ||| Stepping ~*~*~tactically~*~*~ (outnumbered).
  8529 | Lair:1   | 8529 ||| Stepping ~*~*~tactically~*~*~ (outnumbered).
  8530 | Lair:1   | 8530 ||| Stepping ~*~*~tactically~*~*~ (outnumbered).
  8531 | Lair:1   | 8531 ||| Stepping ~*~*~tactically~*~*~ (outnumbered).
  8532 | Lair:1   | 8532 ||| Stepping ~*~*~tactically~*~*~ (outnumbered).
  8533 | Lair:1   | 8533 ||| Stepping ~*~*~tactically~*~*~ (stealth).
  8550 | Lair:1   | Reached skill level 15 in Unarmed Combat
  8735 | Lair:1   | 8735 ||| Stepping ~*~*~tactically~*~*~ (stealth).
  8741 | Lair:1   | 8741 ||| Stepping ~*~*~tactically~*~*~ (outnumbered).
  8743 | Lair:1   | 8743 ||| Stepping ~*~*~tactically~*~*~ (outnumbered).
  8748 | Lair:1   | 8748 ||| Stepping ~*~*~tactically~*~*~ (outnumbered).
  9016 | Lair:1   | 9016 ||| READING scroll labelled FUIL MUQAOR.
  9017 | Lair:1   | 9017 ||| READING scroll labelled XOERA ENAQIU.
  9060 | Lair:1   | 9060 ||| DRINKING 2 fizzy blue potions.
  9130 | Lair:2   | Noticed Nergalle
  9137 | Lair:2   | Killed Nergalle
  9191 | Lair:2   | 9191 ||| Stepping ~*~*~tactically~*~*~ (stealth).
  9490 | Lair:2   | Reached skill level 16 in Unarmed Combat
  9627 | Lair:2   | 9627 ||| DRINKING potion of cancellation.
  9635 | Lair:2   | 9635 ||| Stepping ~*~*~tactically~*~*~ (stealth).
  9655 | Lair:2   | Found a staircase to the Snake Pit.
  9656 | Lair:2   | 9656 ||| Stepping ~*~*~tactically~*~*~ (stealth).
  9658 | Lair:2   | 9658 ||| Stepping ~*~*~tactically~*~*~ (hiding).
  9909 | Lair:2   | 9909 ||| UPGRADING to +2 robe of fire resistance.
  9919 | Lair:2   | 9919 ||| UPGRADING to +6 ring of dexterity.
  9921 | Lair:2   | 9921 ||| DROPPING ring of magical power.
  9922 | Lair:2   | 9922 ||| READING scroll labelled ILACEIG LAD.
  9951 | Lair:3   | Noticed a seven-headed hydra
  9952 | Lair:3   | 9952 ||| INVOKING Fiery Armour.
  9957 | Lair:3   | 9957 ||| STAIRDANCE
  9991 | Lair:3   | 9991 ||| STAIRDANCE
  9991 | Lair:3   | Killed a nine-headed hydra
 10056 | Lair:3   | Noticed an oklob plant
 10057 | Lair:3   | 10057 ||| Stepping ~*~*~tactically~*~*~ (stealth).
 10059 | Lair:3   | 10059 ||| Stepping ~*~*~tactically~*~*~ (stealth).
 10063 | Lair:3   | 10063 ||| FLEEEEING.
 10064 | Lair:3   | 10064 ||| FLEEEEING.
 10065 | Lair:3   | 10065 ||| FLEEEEING.
 10102 | Lair:3   | 10102 ||| INVOKING Fiery Armour.
 10111 | Lair:3   | Killed an oklob plant
 10112 | Lair:3   | Reached XP level 12. HP: 104/118 MP: 9/12
 10165 | Lair:3   | Noticed a six-headed hydra
 10173 | Lair:3   | Killed an 11-headed hydra
 10174 | Lair:3   | Reached skill level 6 in Dodging
 10319 | Lair:3   | 10319 ||| INVOKING Fiery Armour.
 10321 | Lair:3   | 10321 ||| Stepping ~*~*~tactically~*~*~ (outnumbered).
 10322 | Lair:3   | 10322 ||| Stepping ~*~*~tactically~*~*~ (outnumbered).
 10323 | Lair:3   | 10323 ||| Stepping ~*~*~tactically~*~*~ (outnumbered).
 10324 | Lair:3   | 10324 ||| Stepping ~*~*~tactically~*~*~ (outnumbered).
 10464 | Lair:3   | 10464 ||| Stepping ~*~*~tactically~*~*~ (stealth).
 10465 | Lair:3   | 10465 ||| Stepping ~*~*~tactically~*~*~ (stealth).
 10466 | Lair:3   | 10466 ||| Stepping ~*~*~tactically~*~*~ (stealth).
 10467 | Lair:3   | 10467 ||| INVOKING Fiery Armour.
 10468 | Lair:3   | 10468 ||| Stepping ~*~*~tactically~*~*~ (stealth).
 10469 | Lair:3   | 10469 ||| Stepping ~*~*~tactically~*~*~ (stealth).
 10478 | Lair:3   | Noticed a five-headed hydra
 10488 | Lair:3   | Killed an eight-headed hydra
 10555 | Lair:3   | 10555 ||| Stepping ~*~*~tactically~*~*~ (hiding).
 10657 | Lair:3   | 10657 ||| Stepping ~*~*~tactically~*~*~ (hiding).
 10759 | Lair:3   | 10759 ||| Stepping ~*~*~tactically~*~*~ (hiding).
 10861 | Lair:3   | 10861 ||| Stepping ~*~*~tactically~*~*~ (hiding).
 10963 | Lair:3   | 10963 ||| Stepping ~*~*~tactically~*~*~ (hiding).
 11072 | Lair:3   | Found a staircase to the Swamp.
 11084 | Lair:3   | 11084 ||| INVOKING Fiery Armour.
 11086 | Lair:3   | Reached skill level 17 in Unarmed Combat
 11088 | Lair:3   | 11088 ||| Stepping ~*~*~tactically~*~*~ (stealth).
 11296 | Lair:3   | 11296 ||| READING scroll labelled USCHOLU LUTHRE.
 11297 | Lair:3   | 11297 ||| READING 7 scrolls of identify.
 11297 | Lair:3   | 11297 ||| IDENTIFYING smoky ruby potion
 11617 | Lair:4   | 11617 ||| Stepping ~*~*~tactically~*~*~ (stealth).
 11619 | Lair:4   | 11619 ||| Stepping ~*~*~tactically~*~*~ (stealth).
 12056 | Lair:4   | 12056 ||| Stepping ~*~*~tactically~*~*~ (outnumbered).
 12057 | Lair:4   | 12057 ||| Stepping ~*~*~tactically~*~*~ (outnumbered).
 12058 | Lair:4   | 12058 ||| Stepping ~*~*~tactically~*~*~ (outnumbered).
 12059 | Lair:4   | 12059 ||| Stepping ~*~*~tactically~*~*~ (outnumbered).
 12060 | Lair:4   | 12060 ||| Stepping ~*~*~tactically~*~*~ (outnumbered).
 12061 | Lair:4   | 12061 ||| Stepping ~*~*~tactically~*~*~ (outnumbered).
 12062 | Lair:4   | 12062 ||| Stepping ~*~*~tactically~*~*~ (outnumbered).
 12063 | Lair:4   | 12063 ||| Stepping ~*~*~tactically~*~*~ (outnumbered).
 12065 | Lair:4   | 12065 ||| Stepping ~*~*~tactically~*~*~ (outnumbered).
 12066 | Lair:4   | 12066 ||| Stepping ~*~*~tactically~*~*~ (outnumbered).
 12206 | Lair:4   | 12206 ||| DROPPING +1 hat.
 12207 | Lair:4   | 12207 ||| READING scroll labelled POZEVIR PYBION.
 12227 | Lair:5   | Entered Level 5 of the Lair of Beasts
 12227 | Lair:5   | Noticed a four-headed hydra
 12228 | Lair:5   | 12228 ||| INVOKING Fiery Armour.
 12229 | Lair:5   | 12229 ||| STAIRDANCE
 12234 | Lair:5   | Noticed a four-headed hydra
 12235 | Lair:5   | 12235 ||| STAIRDANCE
 12237 | Lair:4   | 12237 ||| Stepping ~*~*~tactically~*~*~ (outnumbered).
 12238 | Lair:4   | 12238 ||| Stepping ~*~*~tactically~*~*~ (outnumbered).
 12239 | Lair:4   | 12239 ||| Stepping ~*~*~tactically~*~*~ (outnumbered).
 12240 | Lair:4   | 12240 ||| Stepping ~*~*~tactically~*~*~ (outnumbered).
 12241 | Lair:4   | 12241 ||| Stepping ~*~*~tactically~*~*~ (outnumbered).
 12267 | Lair:5   | 12267 ||| STAIRDANCE
 12269 | Lair:4   | 12269 ||| Stepping ~*~*~tactically~*~*~ (outnumbered).
 12270 | Lair:4   | 12270 ||| Stepping ~*~*~tactically~*~*~ (outnumbered).
 12271 | Lair:4   | 12271 ||| Stepping ~*~*~tactically~*~*~ (outnumbered).
 12273 | Lair:4   | 12273 ||| FLEEEEING.
 12274 | Lair:4   | 12274 ||| FLEEEEING.
 12275 | Lair:4   | 12275 ||| FLEEEEING.
 12276 | Lair:4   | 12276 ||| FLEEEEING.
 12277 | Lair:4   | 12277 ||| FLEEEEING.
 12278 | Lair:4   | 12278 ||| FLEEEEING.
 12279 | Lair:4   | 12279 ||| FLEEEEING.
 12280 | Lair:4   | 12280 ||| FLEEEEING.
 12281 | Lair:4   | 12281 ||| FLEEEEING.
 12282 | Lair:4   | 12282 ||| FLEEEEING.
 12284 | Lair:4   | 12284 ||| FLEEEEING.
 12285 | Lair:4   | 12285 ||| FLEEEEING.
 12286 | Lair:4   | 12286 ||| FLEEEEING.
 12287 | Lair:4   | 12287 ||| FLEEEEING.
 12288 | Lair:4   | 12288 ||| FLEEEEING.
 12289 | Lair:4   | 12289 ||| STAIRDANCE
 12318 | Lair:4   | 12318 ||| Stepping ~*~*~tactically~*~*~ (outnumbered).
 12319 | Lair:4   | 12319 ||| Stepping ~*~*~tactically~*~*~ (outnumbered).
 12320 | Lair:4   | 12320 ||| Stepping ~*~*~tactically~*~*~ (outnumbered).
 12322 | Lair:4   | 12322 ||| Stepping ~*~*~tactically~*~*~ (outnumbered).
 12323 | Lair:4   | 12323 ||| Stepping ~*~*~tactically~*~*~ (outnumbered).
 12324 | Lair:4   | 12324 ||| Stepping ~*~*~tactically~*~*~ (outnumbered).
 12325 | Lair:4   | 12325 ||| Stepping ~*~*~tactically~*~*~ (outnumbered).
 12326 | Lair:4   | 12326 ||| Stepping ~*~*~tactically~*~*~ (outnumbered).
 12327 | Lair:4   | 12327 ||| Stepping ~*~*~tactically~*~*~ (outnumbered).
 12328 | Lair:4   | 12328 ||| INVOKING Fiery Armour.
 12328 | Lair:4   | Killed a four-headed hydra
 12329 | Lair:4   | Reached skill level 18 in Unarmed Combat
 12329 | Lair:4   | 12329 ||| Stepping ~*~*~tactically~*~*~ (outnumbered).
 12330 | Lair:4   | 12330 ||| Stepping ~*~*~tactically~*~*~ (outnumbered).
 12332 | Lair:4   | Killed a five-headed hydra
 12412 | Lair:5   | Noticed a death yak
 12416 | Lair:5   | 12416 ||| STAIRDANCE
 12439 | Lair:5   | Noticed a death yak
 12440 | Lair:5   | 12440 ||| STAIRDANCE
 12445 | Lair:5   | 12445 ||| Stepping ~*~*~tactically~*~*~ (outnumbered).
 12446 | Lair:5   | 12446 ||| Stepping ~*~*~tactically~*~*~ (outnumbered).
 12447 | Lair:5   | 12447 ||| Stepping ~*~*~tactically~*~*~ (outnumbered).
 12448 | Lair:5   | 12448 ||| Stepping ~*~*~tactically~*~*~ (outnumbered).
 12449 | Lair:5   | 12449 ||| Stepping ~*~*~tactically~*~*~ (outnumbered).
 12449 | Lair:5   | Noticed a four-headed hydra
 12450 | Lair:5   | 12450 ||| Stepping ~*~*~tactically~*~*~ (outnumbered).
 12453 | Lair:5   | 12453 ||| Stepping ~*~*~tactically~*~*~ (outnumbered).
 12453 | Lair:5   | HP: 28/118 [black mamba (11)]
 12454 | Lair:5   | 12454 ||| READING 5 scrolls of teleportation.
 12455 | Lair:5   | 12455 ||| INVOKING Fiery Armour.
 12455 | Lair:5   | HP: 8/118 [elephant (10)]
 12455 | Lair:5   | Mangled by a death yak

Levels and vault maps discovered:
D:1:      dpeg_arrival_windows_large_door, layout_basic,
          hellmonk_ecumenical_altar_crossroads
D:2:      layout_rooms, minmay_fountain_box, grunt_ministairs_6,
          minmay_close_crescents, uniq_natasha
D:3:      layout_rooms, mainiacjoe_overflow_big_doors, roderic_serpentine_path,
          uniq_sigmund, uniq_terence, uniq_grinder
D:4:      layout_basic, serial_shops, kennysheep_mini, uniq_duvessa
D:5:      layout_basic, marbit_many_paths, doesnt_shop_hydraphobe,
          uniq_crazy_yiuf_cottage
D:6:      layout_loops_ring, kennysheep_okawaru_gauntlet, lemuel_round_altar,
          nicolae_overflow_squiral
D:7:      minmay_spotlight, layout_gridville, doesnt_xom_only_xom,
          nicolae_wu_jian_immortal_techniques, kennysheep_little_box,
          nicolae_uskayaw_murder_on_the_dancefloor, nrook_mini_vaults,
          minmay_misc_feat_chi, chequers_arboretum
D:8:      layout_loops_corners, worldfamousw_hep_ancestral_shrine,
          minmay_lair_entry_grove, uniq_maggie
Lair:1:   layout_cave_shapes, serial_bayou_shore_b, grunt_megastairs_1
Lair:2:   layout_chaotic_city, guppyfry_snake_entry_garden, grunt_megastairs_3,
          infiniplex_staircase_pool_2, lemuel_fruit_tree, uniq_nergalle
Lair:3:   layout_misc_corridors, minmay_swamp_entry_worms, lemuel_fruit_fields
Lair:4:   layout_cave_pods
Lair:5:   grunt_lair_end_beastmaster, layout_misc_corridors,
          minmay_slime_entry_oklob_enclosed

Skill      XL: |  1  2  3  4  5  6  7  8  9 10 11 12 |
---------------+-------------------------------------+-----
Unarmed Combat | 4 5 6 7 8 10 12 14 16 18 | 18.0
Dodging        | 1 2 3 4 5 6 |  6.1
Throwing       | 1 2 |  2.9
Fighting       | 3 4 5 6 7 |  7.5
Armour         | 1 2 |  2.5
Spellcasting   | |  1.0
Fire Magic     | |  2.1

Action                   |  1- 3 |  4- 6 |  7- 9 | 10-12 || total
-------------------------+-------+-------+-------+-------++-------
Melee: Unarmed           |    89 |    43 |   272 |   403 ||   807
       Punch             |     2 |     2 |    13 |    43 ||    60
Throw: Javelin           |       |     7 |    42 |       ||    49
Invok: Fiery Armour      |       |     1 |     1 |    11 ||    13
  Use: Scroll            |     2 |     4 |     9 |    10 ||    25
       Potion            |     1 |       |     2 |     3 ||     6
Armor: Robe              |    23 |     2 |    36 |    91 ||   152
       Steam dragon scal |       |       |       |    24 ||    24
Dodge: Dodged            |    30 |    25 |   130 |   342 ||   527

Table legend:
 A = Non-vault XP
 B = Vault XP
 C = Vault XP percentage of total XP
 D = Non-vault monster count
 E = Vault monster count
 F = Vault count percentage of total count
                 A         B        C        D         E       F
            +---------+---------+-------+---------+---------+-------
      Total |   27347 |    7457 |  21.4 |     238 |      45 |  15.9
            +---------+---------+-------+---------+---------+-------
        D:1 |      31 |       0 |   0.0 |      18 |       0 |   0.0
        D:2 |     101 |      70 |  40.9 |      15 |       6 |  28.6
        D:3 |      29 |     544 |  94.9 |      16 |       3 |  15.8
        D:4 |     311 |     209 |  40.2 |      16 |       2 |  11.1
        D:5 |     650 |      83 |  11.3 |      11 |       1 |   8.3
        D:6 |    1004 |       0 |   0.0 |      26 |       0 |   0.0
        D:7 |    1136 |     364 |  24.3 |      20 |       4 |  16.7
        D:8 |    1085 |    2428 |  69.1 |      30 |      14 |  31.8
     Lair:1 |    4394 |    2078 |  32.1 |      17 |       9 |  34.6
     Lair:2 |    4291 |    1115 |  20.6 |      22 |       3 |  12.0
     Lair:3 |    7899 |     311 |   3.8 |      22 |       1 |   4.3
     Lair:4 |    6416 |     255 |   3.8 |      25 |       2 |   7.4
            +---------+---------+-------+---------+---------+-------
